Map: Daybreak LE (Void)

Players

Namshar - Winner!

  • Race: Zerg Zerg
  • Spawn Location: 7:00

Erik

  • Race: Zerg Zerg
  • Spawn Location: 1:00

Event: WESG 2016 Finals

VOD

Have the link to the VOD?

Description

Time

  • Played on: Jan. 12, 2017, 12:04 a.m.
  • Length: 13:59

All games in this series

Show
View Real Time Build Order
Export as new Build Order

Namshar Zerg - Winner!

Build Orders: Hatch First, Zergling Baneling 

Get SALT Encoding   

  12  0:00  Drone  
  13  0:12  Overlord  
  13  0:18  Drone  
  14  0:31  Drone x2  
  14  0:34  Drone  
  17  0:52  Hatchery  
  17  0:55  Drone  
  17  0:58  Drone  
  18  1:09  Extractor  
  17  1:13  Spawning Pool  
  17  1:16  Drone  
  17  1:21  Drone  
  18  1:28  Drone  
  19  1:38  Overlord  
  19  1:49  Drone  
  20  2:00  Queen, Zergling x2  
  23  2:04  Drone, Queen  
  26  2:09  Metabolic Boost  
  26  2:11  Drone  
  26  2:15  Drone  
  28  2:21  Drone  
  29  2:26  Drone  
  29  2:29  Baneling Nest  
  29  2:35  Drone  
  29  2:36  Drone  
  31  2:43  Overlord  
  31  2:49  Drone  
  32  2:56  Hatchery  
  31  3:02  Zergling x4  
  33  3:09  Zergling x6  
  33  3:10  Zergling x2  
  37  3:15  Baneling x2  
  37  3:17  Zergling x2  
  37  3:18  Drone  
  37  3:19  Drone  
  40  3:24  Drone x2  
  42  3:30  Drone x2  
  44  3:45  Baneling, Overlord x2  
  43  3:53  Queen  
  40  4:05  Zergling x2  
  40  4:06  Zergling x6  
  43  4:10  Zergling x8  
  43  4:12  Baneling  
  43  4:13  Baneling  
  47  4:18  Overlord  
  47  4:19  Drone x2, Roach Warren  
  48  4:29  Baneling x3  
  44  4:38  Baneling  
  44  4:39  Baneling  
  44  4:40  Zergling x12  
  44  4:41  Drone  
  44  4:42  Drone x2  
  53  4:52  Drone x2  
  53  4:53  Drone, Extractor  
  50  5:08  Drone  
  50  5:09  Drone x5  
  50  5:11  Extractor  
  55  5:14  Roach x2  
  55  5:16  Lair  
  59  5:32  Drone x3  
  59  5:34  Drone, Overlord x2  
  63  5:38  Drone  
  63  5:40  Drone x2  
  66  5:44  Roach  
  66  5:45  Roach x3  
  66  5:48  Overlord x2  
  66  5:49  Overlord  
  74  6:03  Overlord  
  73  6:05  Drone  
  73  6:06  Evolution Chamber  
  73  6:07  Drone  
  74  6:14  Extractor  
  74  6:15  Drone x3, Glial Reconstitution  
  74  6:17  Roach x2  
  74  6:18  Roach x6  
  92  6:29  Roach x4  
  100  6:35  Overlord, Extractor  
  100  6:36  Drone x3  
  102  6:48  Roach, Zerg Missile Weapons Level 1  
  102  6:49  Roach x2  
  105  6:55  Overlord x2  
  105  6:57  Roach  
  105  6:58  Roach x3  
  111  7:10  Roach  
  111  7:11  Roach x4  
  121  7:16  Overlord  
  121  7:17  Zergling x2  
  121  7:18  Zergling x6  
  125  7:28  Ravager x2  
  125  7:29  Ravager  
  128  7:32  Zergling x16  
  136  7:43  Zergling x12  
  136  7:44  Zergling x6  
  145  7:50  Zergling x4  
  144  8:02  Queen x3  
  119  8:20  Drone x2  
  119  8:21  Drone, Hydralisk Den  
  119  8:22  Spore Crawler x2  
  119  8:23  Spore Crawler  
  119  8:25  Drone x2  
  103  8:31  Spore Crawler  
  85  8:48  Zerg Missile Weapons Level 2  
  73  8:55  Zergling x8  
  70  8:58  Hydralisk x4  
  70  8:59  Hydralisk x6, Muscular Augments  
  91  9:03  Zergling x4  
  91  9:07  Drone  
  91  9:09  Infestation Pit  
  93  9:10  Hydralisk x2  
  97  9:28  Hydralisk x5  
  97  9:29  Hydralisk x2  
  104  9:47  Hydralisk x5  
  110  9:58  Infestor x2  
  113  10:00  Overlord x3  
  113  10:02  Drone x2  
  113  10:03  Drone x3, Extractor  
  117  10:07  Infestor  
  117  10:11  Queen  
  117  10:14  Burrow  
  121  10:17  Drone x2  
  114  10:30  Drone  
  114  10:31  Drone, Spore Crawler  
  115  10:38  Hydralisk  
  115  10:39  Hydralisk x3  
  115  10:40  Roach x4  
  131  10:46  Overlord x2  
  131  11:10  Hatchery  
  130  11:18  Hydralisk x2, Roach  
  132  11:19  Roach x8  
  152  11:34  Hatchery  
  152  11:38  Drone  
  153  11:43  Hydralisk  
  153  11:44  Roach  
  153  11:45  Roach x6  
  169  11:48  Zerg Ground Armor Level 1  
  169  11:52  Hatchery  
  164  11:55  Drone x2, Queen  
  170  12:08  Roach  
  170  12:09  Overlord x3  
  170  12:10  Pathogen Glands  
  170  12:26  Overlord  
  170  12:30  Roach x8  
  186  12:41  Roach x4  
  165  13:07  Roach x4  
  165  13:08  Roach x3  
  160  13:24  Spore Crawler x2  
  160  13:25  Spore Crawler  
  160  13:26  Spore Crawler  
  138  13:27  Spore Crawler  
  138  13:30  Spore Crawler  
  138  13:32  Spore Crawler  
  129  13:34  Spore Crawler  
Show
View Real Time Build Order
Export as new Build Order

Erik Zerg 

Build Orders: Hatch First 

Get SALT Encoding   

  12  0:01  Drone  
  13  0:12  Overlord  
  13  0:17  Drone  
  14  0:30  Drone  
  14  0:31  Drone  
  14  0:34  Drone  
  17  0:52  Hatchery  
  17  0:55  Drone  
  17  0:58  Drone  
  17  1:01  Extractor  
  17  1:14  Spawning Pool  
  17  1:17  Drone  
  17  1:21  Drone  
  18  1:29  Overlord  
  18  2:02  Zergling x2  
  18  2:03  Queen  
  18  2:04  Metabolic Boost  
  18  2:06  Drone x3  
  24  2:11  Queen  
  24  2:15  Drone  
  27  2:19  Drone  
  28  2:25  Drone  
  28  2:26  Drone  
  30  2:43  Hatchery  
  29  2:50  Baneling Nest  
  28  2:53  Drone x2  
  28  2:55  Drone  
  28  2:58  Drone  
  32  3:00  Drone  
  33  3:05  Overlord  
  33  3:08  Zergling x2  
  34  3:13  Overlord  
  34  3:19  Zergling x4  
  36  3:30  Zergling x10  
  41  3:38  Zergling x4  
  41  3:39  Baneling x4  
  43  3:48  Zergling x8  
  39  4:08  Queen  
  39  4:11  Drone x3  
  39  4:12  Zergling x10  
  39  4:14  Baneling  
  39  4:15  Baneling  
  47  4:20  Zergling x4  
  44  4:36  Zergling x2  
  44  4:37  Zergling x12  
  50  4:40  Drone  
  50  4:41  Drone  
  50  4:42  Drone  
  53  4:47  Drone x2  
  53  4:49  Drone  
  53  4:50  Drone  
  52  5:08  Drone x2  
  52  5:09  Drone x3  
  52  5:12  Lair  
  52  5:13  Extractor  
  52  5:14  Extractor  
  55  5:16  Overlord  
  55  5:17  Baneling x2  
  55  5:18  Baneling x2  
  55  5:28  Drone x2  
  56  5:36  Drone x2  
  56  5:40  Drone  
  59  5:43  Extractor  
  59  5:46  Drone x7  
  65  5:51  Extractor  
  65  5:52  Overlord x2  
  63  6:05  Overlord  
  63  6:08  Overlord  
  63  6:14  Drone x10  
  73  6:20  Spire  
  73  6:23  Extractor  
  71  6:27  Zergling x16  
  79  6:37  Zergling x4  
  81  6:41  Queen  
  81  6:44  Zergling x12  
  86  6:56  Spine Crawler  
  86  6:57  Spine Crawler x2  
  73  7:32  Mutalisk x12  
  95  7:38  Mutalisk  
  95  7:43  Mutalisk  
  98  7:49  Zergling x6  
  98  7:50  Zergling x2  
  98  7:51  Overlord  
  95  7:52  Overlord  
  95  7:57  Overlord  
  92  8:04  Mutalisk x3  
  97  8:09  Zergling x10  
  97  8:18  Zergling x2  
  97  8:19  Zergling x4  
  54  8:37  Drone x2  
  54  8:44  Drone  
  53  8:53  Drone x2  
  53  8:55  Drone  
  56  9:00  Drone  
  57  9:03  Drone  
  57  9:06  Drone  
  60  9:10  Drone  
  60  9:13  Drone  
  59  9:27  Baneling  
  59  9:28  Baneling  
  59  9:29  Drone x6  
  63  9:43  Zergling x2  
  63  9:44  Zergling x4  
  64  9:48  Queen  
  60  10:02  Zergling x8  
  64  10:26  Mutalisk x3  
  70  10:30  Zergling x2  
  70  10:35  Queen  
  73  10:40  Overlord  
  73  10:43  Zergling x2  
  73  10:44  Zergling x2  
  73  10:49  Zergling x4  
  75  11:02  Zergling x6  
  78  11:08  Zergling x8  
  82  11:15  Hatchery  
  73  11:38  Zergling x2  
  73  11:39  Zergling x8  
  78  11:45  Zergling x2  
  79  12:04  Mutalisk x2  
  83  12:11  Zergling x2  
  83  12:12  Zergling x8  
  88  12:19  Hatchery  
  85  12:32  Zergling x6  
  55  13:04  Zergling x8  
  32  13:34  Drone  
Tags
 
Add a new tag
Caveats
  • Supply blocks, unpowered buildings, or Contaminate may cause inaccurate times.
  • Supply counts are checked every 10 seconds.